 Dungeon Crawl Stone Soup version 0.29.1-2-gbd0b4ee654 (webtiles) character file.

Game seed: 890674443392067533

91 funkygono the Firebug (level 4, -5/30 HPs)
             Began as a Demonspawn Fire Elementalist on Nov 10, 2022.
             Slain by Terence
             ... wielding a +7 short sword of distortion
              (22 damage)
             ... on level 3 of the Dungeon.
             The game lasted 00:02:59 (2061 turns).

funkygono the Firebug (DsFE)                        Turns: 2061, Time: 00:03:01

Health: -5/30      AC:  7    Str:  8    XL:     4   Next: 33%
Magic:  10/16      EV: 12    Int: 18    God:
Gold:   104        SH:  0    Dex: 14    Spells: 2/8 levels left

rFire   . . .      SeeInvis .   d - +0 club
rCold   . . .      Faith    .   (no shield)
rNeg    . . .      Spirit   .   a - +0 robe
rPois   .          Reflect  .   (no helmet)
rElec   .          Harm     .   g - +0 cloak
rCorr   .          Rampage  .   (no gloves)
Will    .....                   (no boots)
Stlth   ++........              (no amulet)
HPRegen 0.10/turn               i - ring of magical power
MPRegen 0.15/turn               r - +4 ring of protection

@: no status effects
A: powered by death 2
a: no special abilities


You were on level 3 of the Dungeon.
You visited 1 branch of the dungeon, and saw 3 of its levels.

You collected 104 gold pieces.

Inventory:

Hand Weapons
 d - a +0 club (weapon)
Armour
 a - a +0 robe (worn)
 g - a +0 cloak (worn)
Jewellery
 i - a ring of magical power (left hand)
 r - a +4 ring of protection (right hand)
Scrolls
 e - 2 scrolls of enchant armour {unknown}
 f - 2 scrolls of amnesia {unknown}
 h - 3 scrolls of identify {unknown}
 j - 2 scrolls of teleportation {unknown}
 k - a scroll of fog {unknown}
 m - a scroll of noise {unknown}
 n - a scroll of blinking {unknown}
 p - a scroll of fear {unknown}
Potions
 b - a potion of magic
 c - a potion of flight {unknown}
 l - a potion of heal wounds {unknown}
 o - a potion of degeneration {unknown}
 q - a potion of cancellation {unknown}
 s - a potion of curing {unknown}
 t - a potion of attraction {unknown}


   Skills:
 + Level 0.2 Fighting
 + Level 0.1 Maces & Flails
 + Level 2.0 Dodging
 - Level 1.7 Stealth
 + Level 2.5 Spellcasting
 + Level 1.6 Conjurations
 + Level 4.0 Fire Magic


You had 2 spell levels left.
You knew the following spells:

 Your Spells              Type           Power      Damage    Failure   Level
a - Foxfire               Conj/Fire      48%        2x1d6     5%          1
b - Scorch                Fire           32%        2d7       4%          2
c - Conjure Flame         Conj/Fire      12%        6-21      16%         3

Your spell library contained the following spells:

 Spells                   Type           Power      Damage    Failure   Level
 Static Discharge         Conj/Air       5%         3-4/arc   19%         2
 Inner Flame              Hex/Fire       9%         N/A       22%         3
 Ozocubu's Armour         Ice            2%         N/A       45%         3
 Flame Wave               Conj/Fire      12%        2d6       47%         4
 Lightning Bolt           Conj/Air       2%         1d14      98%         5
 Metabolic Englaciation   Hex/Ice        1%         N/A       99%         5
 Simulacrum               Ice/Necr       1%         N/A       100%        6
 Maxwell's Capacitive Co  Air            1%         ∞         100%        8


Dungeon Overview and Level Annotations

Branches:
Dungeon (3/15)

Altars:

Annotations:
D:3 3 runed translucent doors, Firos's ghost, amateur OpTm; Terence


Innate Abilities, Weirdness & Mutations

You regenerate health from kills.


Message History

You shout for attention!
The hobgoblin shouts!
Casting: Foxfire (safe; 5% risk of failure)
Confirm with . or Enter, or press ? or * to list all spells.
You conjure some foxfire!
The foxfire hits the hobgoblin.
You kill the hobgoblin!
Your foxfire dissipates!
You see here a hobgoblin corpse.
f - 2 scrolls labelled IHETHUL UNYCESK (gained 1)
h - 3 scrolls labelled LUIVAO ONILA (gained 1)
You now have 104 gold pieces (gained 7).
Terence the Incautious comes into view.
He is wielding a +7 short sword of distortion.
Found a cloak.
Casting: Foxfire (safe; 5% risk of failure)
Confirm with . or Enter, or press ? or * to list all spells.
Okay, then.
Casting: Foxfire (safe; 5% risk of failure)
Confirm with . or Enter, or press ? or * to list all spells.
You can't see any susceptible monsters within range! (Use Z to cast anyway.) Unknown command.
Terence shouts!
Casting: Foxfire (safe; 5% risk of failure)
Confirm with . or Enter, or press ? or * to list all spells.
Flames lash Terence.
Terence is lightly wounded.
Terence's fire resistance burns away.
Casting: Scorch (safe; 4% risk of failure)
Confirm with . or Enter, or press ? or * to list all spells.
Flames lash Terence.
Terence is lightly wounded.
Terence hits you with a +7 short sword of distortion!
Space warps around you.
Casting: Scorch (safe; 4% risk of failure)
Confirm with . or Enter, or press ? or * to list all spells.
Flames lash Terence.
Terence is burned terribly!
Terence is heavily wounded.
Terence hits you with a +7 short sword of distortion.
Space warps horribly around you!!
Ouch! That really hurt!
You die...

#......##.## #.#.# #.#.##
#.###.....# ##.#.# #.#.#.
###.###.#######..#.# #.#.#.
#.......# #...#..#.# #.#...
#.#########.#.#..#.# #.....
#...........#.##.#.########..###
#..##########....#...†.......#
##.[#########################.#
...........[...@@.......#####.###
#######################.....#.#..
.............# #####.#.#.#
############.# #.#...#
.............# #.#####
############## #...... #######


You could see Terence (combustible).

Vanquished Creatures
  4 adders
  A worm (D:3)
  5 bats
  8 endoplasms
  A giant cockroach (D:1)
  4 goblins
  7 hobgoblins
  4 quokkas
  6 ball pythons
  2 kobolds
  4 rats
46 creatures vanquished.

Vanquished Creatures (others)
  107 foxfires
107 creatures vanquished.

Grand Total: 153 creatures vanquished

Notes
Turn   | Place    | Note
-------+----------+-------------------------------------------
     0 | D:1      | funkygono the Demonspawn Fire Elementalist began the quest
                  | for the Orb.
     0 | D:1      | Reached XP level 1. HP: 13/13 MP: 3/3
   129 | D:1      | Reached skill level 3 in Fire Magic
   158 | D:1      | Gained mutation: You regenerate a little health from kills.
                  | [demonic ancestry]
   158 | D:1      | Reached XP level 2. HP: 19/19 MP: 0/5
   161 | D:1      | Learned a level 2 spell: Scorch
   992 | D:2      | Reached XP level 3. HP: 24/24 MP: 6/6
   998 | D:2      | Learned a level 3 spell: Conjure Flame
  1214 | D:2      | Found a faded altar of an unknown god.
  1555 | D:3      | Noticed Firos's ghost (amateur OpTm)
  1622 | D:3      | Gained mutation: You regenerate health from kills. [demonic
                  | ancestry]
  1622 | D:3      | Reached XP level 4. HP: 30/30 MP: 7/7
  1695 | D:3      | Found a runed translucent gate.
  1695 | D:3      | Found a runed translucent gate.
  1695 | D:3      | Found a runed translucent gate.
  1921 | D:3      | Reached skill level 4 in Fire Magic
  2054 | D:3      | Noticed Terence
  2061 | D:3      | Slain by Terence

Illustrated notes

Levels and vault maps discovered:
D:1:      heliophobic_arrival_enchanted_forest, layout_rooms, serial_curves,
          eino_curves_04, eino_curves_03, dreamdust_mushroom_princess,
          minmay_indecisive_spiral
D:2:      layout_basic, ebering_ecumenical_altar_webs
D:3:      layout_basic, gammafunk_ghost_icy, minmay_misc_feat_cross,
          uniq_terence

Skill      XL: |  1  2  3  4 |
---------------+-------------+-----
Fire Magic     | 3 4 |  4.0
Dodging        | 2 |  2.0
Fighting       | |  0.2
Maces & Flails | |  0.1
Stealth        | |  1.7
Spellcasting   | |  2.5
Conjurations   | |  1.6

Action                   |  1- 3 |  4- 6 || total
-------------------------+-------+-------++-------
Melee: Club              |    12 |       ||    12
 Cast: Foxfire           |    48 |    14 ||    62
       Scorch            |     4 |     5 ||     9
Armor: Robe              |     8 |       ||     8
Dodge: Dodged            |    21 |       ||    21
